 Dungeon Crawl Stone Soup version 0.25.0-11-g1f837a76a1 (webtiles) character file.

Game seed: 624699172204859372

1083 Kold the Insei (level 8, -17/48 HPs)
             Began as an Octopode Transmuter on June 24, 2020.
             Killed from afar by an adder (33 damage)
             ... with an exploding inner flame
             ... hexed by the player character
             ... on level 6 of the Dungeon.
             The game lasted 00:12:04 (8948 turns).

Kold the Insei (Octopode Transmuter)                Turns: 8948, Time: 00:12:06

Health: -17/48     AC:  1    Str: 10    XL:     8   Next: 30%
Magic:  20/20      EV: 13    Int: 23    God:
Gold:   365        SH:  0    Dex: 12    Spells: 5/11 levels left

rFire    . . .     SeeInvis +     - Unarmed
rCold    . . .     Gourm    .   (no shield)
rNeg     . . .     Faith    .   (helmet restricted)
rPois    .         Spirit   .   (no amulet)
rElec    .         Reflect  .   d - ring of magical power
rCorr    .         Harm     .   h - ring of see invisible
MR       .....                  l - +6 ring of intelligence
Stlth    +++.......             (no ring)
HPRegen  0.16/turn              (no ring)
MPRegen  0.17/turn              (no ring)
                                (no ring)
                                (no ring)

@: lethally poisoned (-17 -> -19), appendage
A: almost no armour, stealthy swim, amphibious, 8 rings, constrict 8, tentacle
spike 3, camouflage 1, gelatinous body 1
a: End Transformation


You were on level 6 of the Dungeon.
You were near starving.
One of your tentacles had a temporary spike.
You visited 2 branches of the dungeon, and saw 7 of its levels.

You collected 365 gold pieces.

Inventory:

Missiles
 a - 83 arrows
Jewellery
 d - a ring of magical power (left tentacle)
 h - a ring of see invisible (right tentacle)
 l - a +6 ring of intelligence (on tentacle)
Wands
 n - a wand of random effects (21)
 v - a wand of polymorph (11)
Scrolls
 e - 7 scrolls of identify
 f - a scroll of enchant weapon {unknown}
 g - 5 scrolls of remove curse {unknown}
 i - 3 scrolls of blinking {unknown}
 o - a scroll of teleportation {unknown}
 q - a scroll of enchant armour {unknown}
 r - 2 scrolls of immolation
 s - a scroll of magic mapping {unknown}
Potions
 b - a potion of curing {unknown}
 j - 3 potions of heal wounds
 k - a potion of might {unknown}
 m - 2 potions of lignification {unknown}
 p - a potion of ambrosia {unknown}
 u - a potion of mutation {unknown}
Comestibles
 c - 10 rations


   Skills:
 - Level 1.0 Fighting
 + Level 2.4 Dodging
 - Level 2.0 Stealth
 + Level 6.9 Unarmed Combat
 - Level 2.0 Spellcasting
 + Level 6.4 Transmutations
 - Level 3.0 Poison Magic


You had 5 spell levels left.
You knew the following spells:

 Your Spells              Type           Power        Failure   Level  Hunger
a - Beastly Appendage     Tmut           ####..       1%          1    #......
b - Spider Form           Tmut/Pois      ###.......   5%          3    ###....
c - Sticks to Snakes      Tmut           ####....     1%          2    ##.....

Your spell library contained the following spells:

 Spells                   Type           Power        Failure   Level  Hunger
 Blade Hands              Tmut           ####......   26%         5    ######.
 Ice Form                 Ice/Tmut       ###.....     34%         4    #####..


Dungeon Overview and Level Annotations

Branches:
Dungeon (6/15)             Temple (1/1) D:6

Altars:
Ashenzari
Elyvilon
Fedhas
Gozag
Kikubaaqudgha
Makhleb
Okawaru
Qazlal
Ru
Sif Muna
Uskayaw
Wu Jian
Yredelemnul
Zin
The Shining One


Innate Abilities, Weirdness & Mutations

You cannot wear most types of armour.
You are very stealthy in the water. (Stealth+)
You are amphibious.
You can wear up to eight rings at the same time.
You can use your tentacles to constrict eight enemies at once.
Your skin changes colour to match your surroundings (Stealth+).
Your rubbery body absorbs attacks. (AC +1, EV +1)
One of your tentacles bears a large vicious spike.


Message History

You miss the adder. You grab the adder.
You pierce the adder.
The adder is heavily wounded.
You constrict the adder.
The bullfrog snags a nearby mouse with its tongue.
The bullfrog hits you!
* * * LOW HITPOINT WARNING * * *
The adder bites you.
* * * LOW HITPOINT WARNING * * *
You are lethally poisoned!
The adder poisons you! The bullfrog closely misses you.
The adder barely misses you.
You feel much better.
You constrict the adder.
You feel sick. The bullfrog misses you. The adder barely misses you.
As you read the scroll labeled DYMUONIEXYMIA, it crumbles to dust.
The creatures around you are filled with an inner flame!
It was a scroll of immolation.
You constrict the adder.
The adder explodes!
The fiery explosion engulfs you!!
Ouch! That really hurt!
You die...

#..............
#..............
#..............
..###.............
..................
.......§§......>. #.
#.....§§§F...... .#
#.....§§@....... #.
#............### #.##
###........##....#
#..###......$..........
#.#....#.........###..
#....####.........# #
#..### ##........#
##.## #........# #..#
##.........#


You could see a bullfrog (inner flame).

Vanquished Creatures
  A sky beast (D:5)
  An ice beast (D:6)
  2 phantoms (D:6)
  An ogre (D:5)
  2 scorpions (D:5)
  A wight (D:6)
  A crimson imp (D:5)
  A quasit (D:5)
  A jelly (D:5)
  An orc priest (D:3)
  5 orc wizards
  3 worker ants
  7 adders
  A howler monkey skeleton (D:6)
  2 shadow imps
  2 dart slugs
  A leopard gecko (D:5)
  13 orcs
  2 ball pythons (D:1)
  4 bats
  6 giant cockroaches
  9 hobgoblins
  4 jackals (D:6)
  2 quokkas
  4 frilled lizards (D:1)
  9 goblins
  4 kobolds
  4 rats
94 creatures vanquished.

Notes
Turn   | Place    | Note
-------+----------+-------------------------------------------
     0 | D:1      | Kold the Octopode Transmuter began the quest for the Orb.
     0 | D:1      | Reached XP level 1. HP: 13/13 MP: 3/3
   226 | D:1      | Reached skill level 1 in Stealth
   234 | D:1      | Reached XP level 2. HP: 10/18 MP: 5/5
  1270 | D:1      | Reached XP level 3. HP: 23/23 MP: 6/6
  1748 | D:2      | Learned a level 3 spell: Spider Form
  2875 | D:3      | Reached skill level 1 in Poison Magic
  2875 | D:3      | Reached XP level 4. HP: 6/28 MP: 7/7
  3372 | D:3      | Found a faded altar of an unknown god.
  3950 | D:3      | Reached XP level 5. HP: 18/33 MP: 8/8
  5147 | D:4      | Found a blossoming altar of Fedhas.
  5430 | D:4      | Reached XP level 6. HP: 38/38 MP: 9/9
  5589 | D:5      | Entered Level 5 of the Dungeon
  5633 | D:5      | Learned a level 2 spell: Sticks to Snakes
  5647 | D:5      | Reached skill level 5 in Unarmed Combat
  6087 | D:5      | Found a white marble altar of Elyvilon.
  6214 | D:5      | Reached XP level 7. HP: 43/43 MP: 10/10
  6260 | D:5      | Reached skill level 5 in Transmutations
  7676 | D:6      | Reached XP level 8. HP: 23/48 MP: 11/11
  7950 | D:6      | Found a staircase to the Ecumenical Temple.
  7959 | Temple   | Entered the Ecumenical Temple
  8946 | D:6      | HP: 1/48 [adder (5)]
  8948 | D:6      | Killed from afar by an adder

Illustrated notes

Levels and vault maps discovered:
D:1:      scummos_arrival_simple_fountains, layout_basic
D:2:      layout_loops_corners, first_ration
D:3:      layout_basic, serial_glass, glass_columns_a, glass_columns_a,
          chequers_ecumenical_altar_grove
D:4:      layout_basic, fedhas_altar_3
D:5:      layout_loops_ring, lemuel_crystal_altar
D:6:      minmay_opposing_rooms, layout_layer_cave, lemuel_temple_firewalk_b,
          uniq_blork_the_orc, uniq_prince_ribbit1
Temple:   eino_temple_water

Skill      XL: |  1  2  3  4  5  6  7 |
---------------+----------------------+-----
Stealth        | 1 2 |  2.0
Transmutations | 3 4 6 |  6.4
Poison Magic   | 1 2 3 |  3.0
Unarmed Combat | 4 5 6 |  6.9
Fighting       | |  1.0
Dodging        | |  2.4
Spellcasting   | |  2.0

Action                   |  1- 3 |  4- 6 |  7- 9 || total
-------------------------+-------+-------+-------++-------
Melee: Unarmed           |    95 |   109 |    98 ||   302
       Constrict         |    26 |    25 |    10 ||    61
       Tentacles         |    23 |    21 |    12 ||    56
       Kick              |     2 |    18 |    21 ||    41
       Punch             |       |     1 |     6 ||     7
 Cast: Beastly Appendage |     6 |    13 |    10 ||    29
       Spider Form       |       |     2 |     2 ||     4
  Use: Scroll            |       |     1 |     1 ||     2
       Potion            |       |       |     2 ||     2
 Stab: Sleeping          |     5 |     5 |     1 ||    11
  Eat: Chunk             |     5 |     8 |     4 ||    17
       Ration            |       |     1 |     1 ||     2
Armor: Skin              |    13 |     6 |     7 ||    26
Dodge: Dodged            |    60 |    46 |    80 ||   186
